 Dungeon Crawl Stone Soup version 0.18.1-50-g88ac8fd (webtiles) character file.

38 go0n the Skirmisher (level 3, 0/33 HPs)
             Began as a Minotaur Fighter on Sept 25, 2016.
             Slain by a gnoll
             ... wielding a +0 flail
              (5 damage)
             ... on level 2 of the Dungeon.
             The game lasted 00:04:41 (1057 turns).

go0n the Skirmisher (Minotaur Fighter)              Turns: 1057, Time: 00:04:42

Health: 0/33       AC:  6    Str: 26    XL:     3   Next: 25%
Magic:  2/2        EV:  7    Int:  5    God:
Gold:   83         SH: 10    Dex:  9    Spells: 0 memorised, 2 levels left

rFire  . . .     SeeInvis .     a - +0 long sword
rCold  . . .     Gourm    .     b - +0 scale mail
rNeg   . . .     Faith    .     c - +0 shield
rPois  .         Spirit   .     (helmet restricted)
rElec  .         Dismiss  .     (no cloak)
rCorr  .         Reflect  .     (no gloves)
SustAt .         Harm     .     (no boots)
MR     .....                    (no amulet)
Stlth  ..........               (no ring)
                                (no ring)

@: mighty, not resistant to hostile enchantments, extremely unstealthy
A: retaliatory headbutt, horns 2
a: no special abilities


You were on level 2 of the Dungeon.
You were hungry.

You visited 1 branch of the dungeon, and saw 2 of its levels.

You collected 83 gold pieces.

Inventory:

Hand Weapons
 a - a +0 long sword (weapon)
Armour
 b - a +0 scale mail (worn)
 c - a +0 shield (worn)
 l - a +0 ring mail
 o - a +1 hat of magic resistance
Scrolls
 g - a scroll of teleportation {unknown}
 j - a scroll of remove curse {unknown}
 k - a scroll of fear {unknown}
Potions
 e - a potion of curing {unknown}
 h - a potion of degeneration {unknown}
 i - a potion of flight {unknown}
Books
 m - a book of Annihilations

   Spells                             Type                      Level
   a - Poison Arrow                   Conjuration/Poison           6
   b - Chain Lightning                Conjuration/Air              8
   c - Lehudib's Crystal Spear        Conjuration/Earth            8
   d - Glaciate                       Conjuration/Ice              9
   e - Fire Storm                     Conjuration/Fire             9
Comestibles
 f - a bread ration
 n - a chunk of flesh


   Skills:
 + Level 4.1 Fighting
 + Level 3.5 Long Blades
 - Level 3.6 Armour
 * Level 4.1 Shields


You had 2 spell levels left.
You didn't know any spells.

Dungeon Overview and Level Annotations

Branches:
Dungeon (2/15)

Altars:
Makhleb


Innate Abilities, Weirdness & Mutations

You reflexively headbutt those who attack you in melee.
You have a pair of horns on your head.


Message History

Your shield and scale mail prevent you from hitting the goblin.
Your headbutt misses the goblin. You block the goblin's attack.
You slash the goblin!
You kill the goblin!
The gnoll hits you with a whip.
You barely miss the gnoll. The gnoll hits you with a whip.
The gnoll hits you with a flail. The gnoll hits you but does no damage.
You block the gnoll's attack. The gnoll hits you with a flail!
You hit the gnoll.
The gnoll is moderately wounded.
You block the gnoll's attack. x2; The gnoll closely misses you.
You barely miss the gnoll.
The gnoll is moderately wounded.
The gnoll hits you but does no damage. You block the gnoll's attack.
The gnoll hits you from afar with a spear.
* * * LOW HITPOINT WARNING * * *
Drink which item? (? for menu, Esc to quit)
You feel very mighty all of a sudden. The gnoll barely misses you.
The gnoll hits you with a flail.
You die...

.........#########
#1# ......#..#####
###
......#......##
.<............##
....(..........#
........)......#
?..............#
...............#
............@..#
........>..gg..#
............g.##
......#......##
......#......##
.......##.#.)#
##.. #.......# #.
#.#####.... ...
...


You could see 3 gnolls.

Vanquished Creatures
  An adder (D:2)
  A giant gecko (D:1)
  A ball python (D:1)
  4 bats (D:1)
  A giant cockroach (D:1)
  6 goblins
  5 hobgoblins (D:1)
  3 kobolds (D:1)
  A giant newt (D:2)
  3 rats
26 creatures vanquished.

Notes
Turn   | Place    | Note
--------------------------------------------------------------
     0 | D:1      | go0n the Minotaur Fighter began the quest for the Orb.
     0 | D:1      | Reached XP level 1. HP: 19/19 MP: 0/0
   114 | D:1      | Reached XP level 2. HP: 27/27 MP: 1/1
   852 | D:2      | Reached XP level 3. HP: 24/33 MP: 2/2
   874 | D:2      | Found a burning altar of Makhleb.
   988 | D:2      | Noticed an Executioner
  1000 | D:2      | Noticed a neqoxec
  1000 | D:2      | Noticed a ynoxinul
  1057 | D:2      | Slain by a gnoll

Skill      XL: |  1  2 |
---------------+-------+-----
Long Blades    | 3 |  3.5
Fighting       | 4 |  4.1
Shields        | 4 |  4.1
Armour         | |  3.6

Action                   || total
-------------------------++-------
Melee: Long sword        ||    70
       Headbutt          ||    10
  Use: Potion            ||     1
Armor: Scale mail        ||    42
Dodge: Dodged            ||    30
Block: Shield            ||    64
